TOP OF THE 1ST |
Ladue Rams batting - Pitching for Fort Knox Centennial : RHP Dan Young
|
Pitching: RHP Dan Young
|
|
Batting: RHB Nick Davis
|
0-0: Swinging Strike 0-1: Ground out 4-3 (Groundball, 4, EV 110.6 MPH)
|
Batting: RHB Gin-fan Chong
|
0-0: Called Strike 0-1: Foul Ball, location: 2F 0-2: SINGLE (Groundball, 6MD, EV 101.9 MPH)
|
Batting: RHB Tangaloa Manaolana
|
0-0: Ball 1-0: Foul Ball, location: 2F 1-1: Fly out, F8 (Flyball, 78XD, EV 91.2 MPH)
|
Batting: LHB Ruff McGruffin
|
0-0: Ball 1-0: Swinging Strike 1-1: Fly out, F3 (Line Drive, 4, EV 73.8 MPH)
|
Top of the 1st over - 0 runs, 1 hit, 0 errors, 1 left on base; Ladue 0 - Fort Knox 0 |
BOTTOM OF THE 1ST |
Fort Knox Centennial batting - Pitching for Ladue Rams : LHP Nathan Eldridge
|
Pitching: LHP Nathan Eldridge
|
|
Batting: RHB Jon Lake
|
0-0: Ball 1-0: Foul Ball, location: 2F 1-1: Called Strike 1-2: Foul Ball, location: 2F 1-2: Ball 2-2: Foul Ball, location: 2F 2-2: Strikes out swinging
|
Batting: LHB Don Barnes
|
0-0: Called Strike 0-1: Ball 1-1: SOLO HOME RUN (Flyball, 78XD, EV 91.2 MPH), Distance : 388 ft
|
Batting: RHB Carlos Rivera
|
0-0: Ball 1-0: Foul Ball, location: 2F 1-1: Ground out 6-3 (Groundball, 6, EV 88.1 MPH)
|
Batting: LHB Chin-seok Chong
|
0-0: Ball 1-0: Ball 2-0: Foul Ball, location: 2F 2-1: Foul Ball, location: 2F 2-2: Ground out 6-3 (Groundball, 6, EV 75.6 MPH)
|
Bottom of the 1st over - 1 run, 1 hit, 0 errors, 0 left on base; Ladue 0 - Fort Knox 1 |
TOP OF THE 2ND |
Ladue Rams batting - Pitching for Fort Knox Centennial : RHP Dan Young
|
Batting: RHB Drew Rose
|
0-0: Foul Ball, location: 2F 0-1: Called Strike 0-2: Strikes out looking
|
Batting: RHB César Hinojosa
|
0-0: Ball 1-0: Called Strike 1-1: Ball 2-1: Foul Ball, location: 2F 2-2: SINGLE (Line Drive, 56D, EV 98.1 MPH)
|
Batting: LHB Jermaine Tuttle
|
0-0: Ball 1-0: TRIPLE (Groundball, 3L, EV 103.1 MPH) César Hinojosa scores
|
Batting: SHB Tom Lenehan
|
0-0: Ball 1-0: Ball 2-0: Called Strike 2-1: Swinging Strike 2-2: DOUBLE (Groundball, 5L, EV 107.5 MPH) Jermaine Tuttle scores
|
Batting: LHB Guillermo Valverde
|
0-0: SINGLE (Groundball, 4, EV 85.6 MPH) (infield hit) Tom Lenehan to third
|
Batting: RHB Nick Davis
|
0-0: Ball 1-0: Fielders Choice at 2nd, 1-4 (Groundball, 15S, EV 66.9 MPH)
|
Batting: RHB Gin-fan Chong
|
0-0: Ball 1-0: SINGLE (Line Drive, 78S, EV 86.9 MPH) Tom Lenehan scores Nick Davis to second
|
Batting: RHB Tangaloa Manaolana
|
0-0: Called Strike 0-1: Foul Ball, location: 2F 0-2: Foul Ball, location: 2F 0-2: Ball 1-2: Hit by Pitch Nick Davis to third Gin-fan Chong to second
|
Batting: LHB Ruff McGruffin
|
0-0: Called Strike 0-1: Called Strike 0-2: Strikes out looking
|
Top of the 2nd over - 3 runs, 5 hits, 0 errors, 3 left on base; Ladue 3 - Fort Knox 1 |
BOTTOM OF THE 2ND |
Fort Knox Centennial batting - Pitching for Ladue Rams : LHP Nathan Eldridge
|
Batting: RHB Bubba Baker
|
0-0: Called Strike 0-1: Foul Ball, location: 2F 0-2: Foul Ball, location: 2F 0-2: Ball 1-2: Fly out, F7 (Flyball, 7, EV 90.0 MPH)
|
Batting: RHB Lloyd Griffin
|
0-0: Foul Ball, location: 2F 0-1: Swinging Strike 0-2: Fly out, F2 (Popup, 13S, EV 77.5 MPH)
|
Batting: RHB Heriberto Sanches
|
0-0: Ball 1-0: Swinging Strike 1-1: Foul Ball, location: 2F 1-2: Ground out 5-3 (Groundball, 56, EV 105.6 MPH)
|
Bottom of the 2nd over - 0 runs, 0 hits, 0 errors, 0 left on base; Ladue 3 - Fort Knox 1 |
TOP OF THE 3RD |
Ladue Rams batting - Pitching for Fort Knox Centennial : RHP Dan Young
|
Batting: RHB Drew Rose
|
0-0: Fly out, F7 (Flyball, 7LM, EV 100.6 MPH)
|
Batting: RHB César Hinojosa
|
0-0: Called Strike 0-1: Ball 1-1: Foul Ball, location: 2F 1-2: Fly out, F9 (Flyball, 89D, EV 96.9 MPH)
|
Batting: LHB Jermaine Tuttle
|
0-0: Ball 1-0: Ball 2-0: Ball 3-0: Called Strike 3-1: Called Strike 3-2: Strikes out swinging
|
Top of the 3rd over - 0 runs, 0 hits, 0 errors, 0 left on base; Ladue 3 - Fort Knox 1 |
BOTTOM OF THE 3RD |
Fort Knox Centennial batting - Pitching for Ladue Rams : LHP Nathan Eldridge
|
Batting: RHB Reynaldo Parriego
|
0-0: Ground out 5-3 (Groundball, 5, EV 91.2 MPH)
|
Batting: LHB Raúl Miranda
|
0-0: Bunted foul 0-1: SINGLE (Groundball, 34D, EV 100.6 MPH)
|
Batting: RHB Jon Lake
|
0-0: Ball 1-0: Swinging Strike 1-1: Swinging Strike 1-2: Ball 2-2: Strikes out looking
|
Batting: LHB Don Barnes
|
0-0: Called Strike 0-1: Called Strike 0-2: Ball 1-2: Ball 2-2: Strikes out swinging
|
Bottom of the 3rd over - 0 runs, 1 hit, 0 errors, 1 left on base; Ladue 3 - Fort Knox 1 |
TOP OF THE 4TH |
Ladue Rams batting - Pitching for Fort Knox Centennial : RHP Dan Young
|
Batting: SHB Tom Lenehan
|
0-0: Bunt missed! 0-1: Ground out 5-3 (Groundball, 56, EV 103.8 MPH)
|
Batting: LHB Guillermo Valverde
|
0-0: Ball 1-0: Called Strike 1-1: Ball 2-1: Ball 3-1: DOUBLE (Groundball, 5L, EV 93.8 MPH)
|
Batting: RHB Nick Davis
|
0-0: Swinging Strike 0-1: Foul Ball, location: 2F 0-2: Ball 1-2: Ball 2-2: Ball 3-2: Foul Ball, location: 2F 3-2: SINGLE (Groundball, 56, EV 101.2 MPH) (infield hit) Guillermo Valverde to third
|
Batting: RHB Gin-fan Chong
|
0-0: Called Strike 0-1: SINGLE (Flyball, 7S, EV 95.0 MPH) Guillermo Valverde scores Nick Davis to second
|
Batting: RHB Tangaloa Manaolana
|
0-0: Called Strike 0-1: Foul Ball, location: 2F 0-2: Grounds into double play, 6-4-3 (Groundball, 6, EV 83.8 MPH)
|
Top of the 4th over - 1 run, 3 hits, 0 errors, 1 left on base; Ladue 4 - Fort Knox 1 |
BOTTOM OF THE 4TH |
Fort Knox Centennial batting - Pitching for Ladue Rams : LHP Nathan Eldridge
|
Batting: RHB Carlos Rivera
|
0-0: Foul Ball, location: 2F 0-1: Called Strike 0-2: Ball 1-2: Strikes out swinging
|
Batting: LHB Chin-seok Chong
|
0-0: Called Strike 0-1: Called Strike 0-2: Ball 1-2: Foul Ball, location: 2F 1-2: Ball 2-2: Ball 3-2: Foul Ball, location: 2F 3-2: Foul Ball, location: 2F 3-2: Strikes out swinging
|
Batting: RHB Bubba Baker
|
0-0: Called Strike 0-1: Ball 1-1: Ground out 6-3 (Groundball, 6, EV 101.2 MPH)
|
Bottom of the 4th over - 0 runs, 0 hits, 0 errors, 0 left on base; Ladue 4 - Fort Knox 1 |
TOP OF THE 5TH |
Ladue Rams batting - Pitching for Fort Knox Centennial : RHP Dan Young
|
Batting: LHB Ruff McGruffin
|
0-0: Ball 1-0: Swinging Strike 1-1: Fly out, F8 (Flyball, 8LM, EV 91.2 MPH)
|
Batting: RHB Drew Rose
|
0-0: Ground out 5-3 (Groundball, 5S, EV 93.8 MPH)
|
Batting: RHB César Hinojosa
|
0-0: Fly out, F8 (Flyball, 8LD, EV 92.5 MPH)
|
Top of the 5th over - 0 runs, 0 hits, 0 errors, 0 left on base; Ladue 4 - Fort Knox 1 |
BOTTOM OF THE 5TH |
Fort Knox Centennial batting - Pitching for Ladue Rams : LHP Nathan Eldridge
|
Batting: RHB Lloyd Griffin
|
0-0: Swinging Strike 0-1: SINGLE (Line Drive, 78S, EV 105.6 MPH)
|
Batting: RHB Heriberto Sanches
|
0-0: Ball 1-0: Fielders Choice at 2nd, 4-6 (Groundball, 4, EV 89.4 MPH)
|
Batting: RHB Reynaldo Parriego
|
0-0: Fielders Choice at 2nd, 4-6 (Groundball, 4M, EV 104.4 MPH)
|
Batting: LHB Raúl Miranda
|
0-0: Ball Reynaldo Parriego is caught stealing 2nd base 2-6
|
Bottom of the 5th over - 0 runs, 1 hit, 0 errors, 0 left on base; Ladue 4 - Fort Knox 1 |
TOP OF THE 6TH |
Ladue Rams batting - Pitching for Fort Knox Centennial : RHP Dan Young
|
Batting: LHB Jermaine Tuttle
|
0-0: Ball 1-0: Swinging Strike 1-1: SOLO HOME RUN (Flyball, 78XD, EV 86.9 MPH), Distance : 388 ft
|
Pitching: RHP Mike Vanderbilt
|
|
Batting: SHB Tom Lenehan
|
0-0: Ball 1-0: Swinging Strike 1-1: Ball 2-1: Swinging Strike 2-2: Ball 3-2: Strikes out swinging
|
Batting: LHB Guillermo Valverde
|
0-0: Foul Ball, location: 2F 0-1: Swinging Strike 0-2: Ball 1-2: Strikes out looking
|
Batting: RHB Nick Davis
|
0-0: Ball 1-0: Swinging Strike 1-1: Reached on error, E5 (Groundball, 5L, EV 82.5 MPH)
|
Batting: RHB Gin-fan Chong
|
0-0: Called Strike 0-1: Ball 1-1: Called Strike Nick Davis steals 2nd base 1-2: Strikes out swinging
|
Top of the 6th over - 1 run, 1 hit, 1 error, 1 left on base; Ladue 5 - Fort Knox 1 |
BOTTOM OF THE 6TH |
Fort Knox Centennial batting - Pitching for Ladue Rams : LHP Nathan Eldridge
|
Batting: LHB Raúl Miranda
|
0-0: Ground out 4-3 (Groundball, 34D, EV 105.6 MPH)
|
Batting: RHB Jon Lake
|
0-0: Ball 1-0: Ball 2-0: Foul Ball, location: 2F 2-1: Called Strike 2-2: Ball 3-2: Base on Balls
|
Batting: LHB Don Barnes
|
0-0: Ball 1-0: Ball 2-0: Ball 3-0: Called Strike 3-1: Fly out, F3 (Popup, 3SF, EV 78.8 MPH)
|
Batting: RHB Carlos Rivera
|
0-0: Ball 1-0: Foul Ball, location: 2F 1-1: DOUBLE (Line Drive, 9LD, EV 106.2 MPH) Jon Lake to third Runner from 3rd tries for Home, SAFE, throw by RF to trailing runner, SAFE at third!
|
Batting: LHB Chin-seok Chong
|
0-0: Called Strike 0-1: SINGLE (Groundball, 34D, EV 103.8 MPH) Carlos Rivera scores
|
Batting: RHB Bubba Baker
|
0-0: Ball 1-0: Called Strike 1-1: Ball 2-1: Swinging Strike 2-2: Ball Wild Pitch! Chin-seok Chong to second 3-2: SINGLE (Groundball, 56D, EV 95.0 MPH) Chin-seok Chong to third Chin-seok Chong scores
|
Batting: RHB Lloyd Griffin
|
0-0: Called Strike 0-1: Ball 1-1: Called Strike 1-2: Ball 2-2: SINGLE (Groundball, 4D, EV 95.0 MPH) Bubba Baker to second Runner from 2nd tries for 3rd, SAFE, no throw by CF
|
Batting: RHB Heriberto Sanches
|
0-0: Called Strike 0-1: Ball 1-1: Swinging Strike 1-2: Ball 2-2: Strikes out swinging
|
Bottom of the 6th over - 3 runs, 4 hits, 0 errors, 2 left on base; Ladue 5 - Fort Knox 4 |
TOP OF THE 7TH |
Ladue Rams batting - Pitching for Fort Knox Centennial : RHP Mike Vanderbilt
|
Batting: RHB Tangaloa Manaolana
|
0-0: Called Strike 0-1: Ball 1-1: Ground out 5-3 (Groundball, 5, EV 105.0 MPH)
|
Batting: LHB Ruff McGruffin
|
0-0: Ball 1-0: Swinging Strike 1-1: Foul Ball, location: 2F 1-2: Foul Ball, location: 2F 1-2: Foul Ball, location: 2F 1-2: Strikes out swinging
|
Batting: RHB Drew Rose
|
0-0: Called Strike 0-1: Ball 1-1: Foul Ball, location: 2F 1-2: Ground out 4-3 (Groundball, 4, EV 86.9 MPH)
|
Top of the 7th over - 0 runs, 0 hits, 0 errors, 0 left on base; Ladue 5 - Fort Knox 4 |
BOTTOM OF THE 7TH |
Fort Knox Centennial batting - Pitching for Ladue Rams : LHP Nathan Eldridge
|
Pitching: RHP Ramón Echevarría
|
|
Batting: RHB Reynaldo Parriego
|
0-0: Called Strike 0-1: Ball 1-1: DOUBLE (Groundball, 5L, EV 104.4 MPH)
|
Batting: LHB Raúl Miranda
|
0-0: Reached on error, E1 (Groundball, 15S, EV 43.8 MPH) Reynaldo Parriego to third
|
Batting: RHB Jon Lake
|
0-0: Ball 1-0: Foul Ball, location: 2F 1-1: Ball 2-1: Swinging Strike 2-2: Strikes out looking
|
Batting: LHB Don Barnes
|
0-0: Ball Raúl Miranda is caught stealing 2nd base 2-6 1-0: Fly out, F9 (Flyball, 9D, EV 83.1 MPH)
|
Bottom of the 7th over - 0 runs, 1 hit, 1 error, 1 left on base; Ladue 5 - Fort Knox 4 |
TOP OF THE 8TH |
Ladue Rams batting - Pitching for Fort Knox Centennial : RHP Mike Vanderbilt
|
Batting: RHB César Hinojosa
|
0-0: Ball 1-0: Fly out, F8 (Flyball, 8RD, EV 97.5 MPH)
|
Batting: LHB Jermaine Tuttle
|
0-0: Called Strike 0-1: Called Strike 0-2: Strikes out looking
|
Batting: SHB Tom Lenehan
|
0-0: Called Strike 0-1: Foul Ball, location: 2F 0-2: Foul Ball, location: 2F 0-2: Ball 1-2: Fly out, F9 (Flyball, 9S, EV 89.4 MPH)
|
Top of the 8th over - 0 runs, 0 hits, 0 errors, 0 left on base; Ladue 5 - Fort Knox 4 |
BOTTOM OF THE 8TH |
Fort Knox Centennial batting - Pitching for Ladue Rams : RHP Ramón Echevarría
|
Batting: RHB Carlos Rivera
|
0-0: Called Strike 0-1: Fly out, F8 (Flyball, 8RS, EV 88.8 MPH)
|
Batting: LHB Chin-seok Chong
|
0-0: Ball 1-0: Fly out, F4 (Popup, 3S, EV 89.4 MPH)
|
Batting: RHB Bubba Baker
|
0-0: Ball 1-0: Ball 2-0: Called Strike 2-1: Foul Ball, location: 2F 2-2: Strikes out swinging
|
Bottom of the 8th over - 0 runs, 0 hits, 0 errors, 0 left on base; Ladue 5 - Fort Knox 4 |
TOP OF THE 9TH |
Ladue Rams batting - Pitching for Fort Knox Centennial : RHP Mike Vanderbilt
|
Batting: LHB Guillermo Valverde
|
0-0: Foul Ball, location: 2F 0-1: Ball 1-1: Ball 2-1: Foul Ball, location: 2F 2-2: Strikes out swinging
|
Batting: RHB Nick Davis
|
0-0: Ball 1-0: Swinging Strike 1-1: Called Strike 1-2: Strikes out swinging
|
Batting: RHB Gin-fan Chong
|
0-0: Called Strike 0-1: Ground out 6-3 (Groundball, 6, EV 90.0 MPH)
|
Top of the 9th over - 0 runs, 0 hits, 0 errors, 0 left on base; Ladue 5 - Fort Knox 4 |
BOTTOM OF THE 9TH |
Fort Knox Centennial batting - Pitching for Ladue Rams : RHP Ramón Echevarría
|
Pitching: LHP Albert Crawford
|
|
Batting: RHB Lloyd Griffin
|
0-0: Ball 1-0: Swinging Strike 1-1: Ground out 1-3 (Groundball, 13, EV 71.2 MPH)
|
Batting: RHB Heriberto Sanches
|
0-0: Called Strike 0-1: Ground out 4-3 (Groundball, 4MD, EV 88.8 MPH)
|
Batting: RHB Reynaldo Parriego
|
0-0: Ball 1-0: Swinging Strike 1-1: Ground out 4-3 (Groundball, 4, EV 83.8 MPH)
|
Bottom of the 9th over - 0 runs, 0 hits, 0 errors, 0 left on base; Ladue 5 - Fort Knox 4 |
|